Al Paca, chaotic male elven Priest --------- #-..%....| ###|........ ------------ # |..<....| |)/!!%?%((.| ### --------- |!!//%*!().| # |?!*)=%!]=.| ### |***)/%!(%.| # |[?[+@/!(?.+####### |?%*m([%?@.| ------------ Al Paca the Adept Experience level: 6 Strength: 6 Dexterity: 15 Constitution: 12 Intelligence: 11 Wisdom: 20 Charisma: 10 Health: 0(40) Energy: 88(88) Def: 7 Gold: 251 Moves: 2893 Dungeon seed: ZIMtgDgwxntNcov3 Game ID: Al Paca_1614285232 Your Inventory: Coins $ - 251 gold pieces Weapons a - a blessed corroded +2 mace (weapon in hand) O - 14 +2 darts (in quiver) S - 4 +2 arrows T - a +0 bow Armor n - a +0 small shield (being worn) q - a +0 pair of low boots (being worn) r - a +0 cloak of protection (being worn) N - a +0 leather armor (being worn) Comestibles c - a clove of garlic d - a sprig of wolfsbane x - 2 food rations W - a slime mold Spellbooks f - a spellbook of cure sickness g - a spellbook of detect monsters s - a spellbook of detect food U - a spellbook of jumping Potions b - 3 potions of holy water o - a potion of water L - a potion of oil Rings k - a ring of see invisible (on left hand) Wands P - a wand of speed monster (0:0) Tools h - a magic marker (0:42) i - a mirror Gems e - a worthless piece of white glass y - a worthless piece of yellow glass Spells and supernatural/magical abilities: Name Level Category Fail Memory n - detect monsters 1 divination 0% 86% E - detect food 2 divination 48% 96% K - cure sickness 3 healing 69% 86% W - pray for help -- divine ? -- X - turn undead -- divine ? -- Your skills at the end: Fighting Skills Weapon Skills mace [Basic] Spellcasting Skills clerical spells [Basic] Final Attributes: You were piously aligned. You were sleep resistant. You saw invisible. You had infravision. You were held by a giant mimic. You were protected. You were fast. You were lucky. You are dead. Vanquished creatures: a water nymph an elf zombie 4 giant ants a little dog a homunculus a kobold shaman 11 hill orcs a centipede 2 giant bats a dwarf zombie a werejackal an iguana 4 coyotes a hobbit 4 manes a giant rat 3 yellow molds a green mold a red mold 2 gnomes 2 garter snakes 4 gnome zombies 3 geckos 15 jackals 2 foxes 2 kobolds a goblin 3 grid bugs 3 lichens 5 newts 83 creatures vanquished. Voluntary challenges: You had been an atheist until turn 2258. You used a wielded weapon 105 times, starting on turn 214. You read items or engraved 10 times, starting on turn 1126. You never genocided any monsters. You never polymorphed an object. You never changed form. You used no wishes. You never split a pudding. You never wrote Elbereth's name. You never violated your personal moral code. Dungeon overview: The Dungeons of Doom: levels 1 to 7 Level 1 a fountain a long staircase Level 2 Level 3 a general store Level 4 (top stair mines) a general store, a sink stairs to The Gnomish Mines Level 5 many fountains Level 6 a long staircase Level 7 <- You were here a general store The Gnomish Mines: Level 5 stairs to The Dungeons of Doom History has recorded: On T:1 you entered the Dungeons of Doom to retrieve the Amulet of Yendor! On T:54 you reached level 2 of The Dungeons of Doom. On T:665 you reached level 3 of The Dungeons of Doom. On T:1029 you advanced to experience level 2. On T:1317 you advanced to experience level 3. On T:1449 you reached level 4 of The Dungeons of Doom. On T:2005 you reached level 1 of The Gnomish Mines. On T:2105 you advanced to experience level 4. On T:2164 you reached level 5 of The Dungeons of Doom. On T:2251 you advanced to experience level 5. On T:2513 you advanced to experience level 6. On T:2562 you reached level 6 of The Dungeons of Doom. On T:2833 you reached level 7 of The Dungeons of Doom. Score breakdown: Gold: 251 ( 8168 points) Experience: 6 levels (12456 points) Exploration: 7 levels ( 14.58%) (10718 points) Discoveries: 14 items ( 4.90%) ( 6637 points) Valuables value: (no points given unless you survive) Artifact value: 0 ( 0 points) Variety of kills: 30 monsters ( 7.87%) ( 8418 points) Turncount: 2893 turns ( -546 points) Survival: died (score multiplied by 80%) Total score: 36680 Latest messages: "Hello, Al Paca! Welcome to Akalapi's general store!" You see here a scroll labeled ZELGO MER (400 zorkmids). You see here a candy bar (13 zorkmids). The door resists! The door resists! The door closes. You see here a potion of water (6 zorkmids). You see here a scroll labeled VERR YED HORRE (400 zorkmids). You see here a candy bar (13 zorkmids). You see here a copper wand (133 zorkmids). You see here a candy bar (13 zorkmids). Wait! That's a giant mimic! You hit the giant mimic. You hit the giant mimic! You hit the giant mimic. (2x) The giant mimic hits! (2x) You miss the giant mimic. (2x) You hit the giant mimic. The giant mimic hits! (2x) You die... Akalapi gratefully inherits all your possessions. Final status: Goodbye Al Paca the Priest, killed by a giant mimic... You died in The Dungeons of Doom on dungeon level 7 with 36680 points, and 251 pieces of gold, after 2893 moves. You were level 6 with a maximum of 40 hit points when you died.